 Dungeon Crawl Stone Soup version 0.18.1-50-g88ac8fd (webtiles) character file.

90494 magog001 the Peltast (level 15, -7/146 HPs)
             Began as a Minotaur Fighter on Dec 30, 2016.
             Was the Champion of Nemelex Xobeh.
             Succumbed to a manticore's barbed spikes
             ... on level 3 of the Shoals.
             The game lasted 03:28:54 (27535 turns).

magog001 the Peltast (Minotaur Fighter)            Turns: 27535, Time: 03:28:55

Health: -7/146     AC: 27    Str: 32    XL:     15   Next: 52%
Magic:  0/18       EV: 17    Int:  4    God:    Nemelex Xobeh [******]
Gold:   960        SH: 21    Dex: 14    Spells: 0 memorised, 14 levels left

rFire  . . .     SeeInvis .     o - +3 falchion (holy)
rCold  . . .     Gourm    .     G - +5 chain mail "Punuv" {MR+}
rNeg   . . .     Faith    .     v - +5 shield {reflect}
rPois  .         Spirit   +     (helmet restricted)
rElec  .         Dismiss  .     R - +0 cloak
rCorr  .         Reflect  +     I - +2 pair of gloves {Dex+3}
SustAt .         Harm     .     s - +2 pair of boots
MR     +++..                    x - amulet of guardian spirit
Stlth  ..........               b - +2 ring of protection
                                j - ring of flight

@: mighty, manticore barbs, extremely resistant to hostile enchantments,
extremely unstealthy
A: retaliatory headbutt, claws 1, horns 2, talons 1, magic resistance 1, robust
1, sturdy frame 1
a: Triple Draw, Deal Four, Stack Five, Renounce Religion, Evoke Flight


You were on level 3 of the Shoals.
You worshipped Nemelex Xobeh.
Nemelex Xobeh was exalted by your worship.
You were not hungry.

You visited 6 branches of the dungeon, and saw 25 of its levels.
You also visited: Ossuary.

You collected 2790 gold pieces.
You spent 1830 gold pieces at shops.

Inventory:

Hand Weapons
 o - a +3 falchion of holy wrath (weapon)
Missiles
 f - 6 javelins of penetration (quivered)
 g - 20 javelins
 q - 38 tomahawks
Armour
 s - a +2 pair of boots (worn)
 v - a +5 shield of reflection (worn)
 G - the +5 chain mail "Punuv" (worn) {MR+}
   (You bought it in a shop on level 1 of the Shoals)

   It affects your resistance to hostile enchantments.
 I - a +2 pair of gloves of dexterity (worn)
 R - a +0 cloak (worn)
Jewellery
 b - a +2 ring of protection (right hand)
 j - a ring of flight (left hand)
 x - an amulet of guardian spirit (around neck)
 y - an uncursed ring of see invisible {unknown}
Wands
 c - a wand of lightning (0/15)
 i - a wand of iceblast (1/15)
 D - a wand of disintegration (7/24)
 O - a wand of paralysis (2/24)
 Q - a wand of flame (2/48)
 X - a wand of flame (31/48)
 Z - a wand of flame (20/48)
Scrolls
 n - 11 scrolls of teleportation
 B - 6 scrolls of remove curse
 S - 4 scrolls of magic mapping
 V - a scroll of brand weapon {unknown}
 W - a scroll of blinking
Potions
 d - a potion of might
 l - 2 potions of haste
 p - 2 potions of berserk rage
 H - 8 potions of brilliance
 N - 2 potions of lignification
 U - a potion of invisibility {unknown}
Miscellaneous
 a - a phial of floods
 e - an ornate deck of escape
 h - a plain deck of war {drawn: 7}
 t - a box of beasts {used: 3}
 u - a legendary deck of wonders {drawn: 2}
 w - an ornate deck of war
 z - a legendary deck of war {drawn: 5}
 A - an ornate deck of war {drawn: 3}
 F - an ornate deck of war
 J - an ornate deck of destruction {drawn: 1}
 L - an ornate deck of escape {drawn: 1}
 M - a sack of spiders {used: 3}
 T - an ornate deck of war
 Y - a legendary deck of war {drawn: 3}
Comestibles
 E - 4 bread rations
 K - 4 slices of pizza
 P - 32 fruits


   Skills:
 + Level 12.2 Fighting
 + Level 15.3 Long Blades
   Level 3.9 Axes
 + Level 3.3 Throwing
 + Level 10.7 Armour
 + Level 13.6 Dodging
 + Level 5.1 Stealth
 + Level 16.5 Shields
 + Level 5.3 Evocations


You had 14 spell levels left.
You didn't know any spells.

Dungeon Overview and Level Annotations

Branches:
Dungeon (11/15)            Temple (0/1) D:7            Lair (6/8) D:11
 Shoals (4/4) Lair:6       Spider (1/4) Lair:3          Orc (2/2) D:9
    Elf (1/3) Orc:2
  Slime: Lair:6-8

Altars:
Cheibriados
Gozag
Nemelex Xobeh
Sif Muna
Trog
Xom
Yredelemnul
The Shining One
Beogh

Shops:
D:5 ([%   Orc:2 ?}}?   Shoals:1 [

Annotations:
Shoals:1 exclusion: Roxanne, Roxanne
Shoals:4 Ilsuiw


Innate Abilities, Weirdness & Mutations

You reflexively headbutt those who attack you in melee.
You have a pair of horns on your head.
You have sharp fingernails.
You have sharp toenails.
You are resistant to hostile enchantments.
You are robust (+10% HP).
Your movements are slightly less encumbered by armour (ER -2).


Message History

The alligator snapping turtle bites you.
* * * LOW HITPOINT WARNING * * *
Your unstable footing causes you to fumble your attack.
You hit the alligator snapping turtle.
The alligator snapping turtle is heavily wounded.
The alligator snapping turtle closely misses you.
You furiously retaliate!
You headbutt the alligator snapping turtle, but do no damage.
The barbed spikes dig painfully into your body as you move.
* * * LOW HITPOINT WARNING * * *
There is a stone staircase leading up here.
The barbed spikes dig painfully into your body as you move.
* * * LOW HITPOINT WARNING * * *
A water elemental comes into view.
The alligator snapping turtle closely misses you.
The barbed spikes dig painfully into your body as you move.
* * * LOW HITPOINT WARNING * * *
The barbed spikes dig painfully into your body as you move.
You die...
Your body glows with a rainbow of weird colours and disappears.

..≈≈≈≈≈≈≈≈≈≈≈≈≈≈≈................
≈≈≈≈≈≈≈≈≈≈≈≈≈≈≈≈.................
≈≈≈≈≈≈≈≈≈≈≈≈≈≈≈..#.....≈..≈......
≈≈≈≈....≈≈≈≈≈<..###.......≈≈≈....
≈≈............### ##.(....≈≈≈≈...
≈......#.##}..######......≈≈≈≈.).
≈≈.......##..##..#..()(:.(≈≈≈≈.).
≈≈≈≈≈≈(..≈≈≈≈<##..(E....≈≈≈≈≈≈≈..
≈≈≈≈≈≈.≈≈≈≈≈≈t..@...)(≈≈≈≈≈≈≈≈≈..
≈≈≈≈≈≈≈≈≈≈≈≈≈≈).......≈≈≈≈≈≈≈≈≈≈.
≈≈≈≈≈≈≈≈≈≈≈≈≈≈........≈≈≈≈≈≈≈≈≈≈≈
≈≈≈≈≈≈≈≈≈≈≈≈≈...#####[.≈≈≈≈≈≈≈≈≈≈
≈≈≈≈≈≈≈≈≈≈≈≈...## ###..≈≈≈≈≈≈≈≈≈≈
≈≈≈≈≈≈≈≈≈≈.....####.....≈≈≈≈≈≈≈≈≈
≈≈≈≈≈≈≈≈≈............≈..≈≈≈≈≈≈≈≈≈
≈≈≈....≈.≈≈.#.≈..........≈≈≈≈≈≈≈≈
≈≈.......≈≈.....≈≈..≈.≈≈≈≈≈≈≈≈≈≈≈


You could see an alligator snapping turtle and a water elemental.

Vanquished Creatures
  A kraken (Shoals:2)
  Donald (Orc:1)
  Maud (Lair:5)
  A ghost moth (Lair:3)
  An orc warlord (Orc:1)
  A very ugly thing (Shoals:2)
  2 merfolk javelineers
  6 merfolk impalers
  A great orb of eyes (Shoals:2)
  The ghost of magog001 the Blocker, a journeyman MiFi of Nemelex Xobeh (Orc:2)
  Erica (D:9)
  3 hydras
  3 merfolk avatars
  2 merfolk aquamancers
  2 alligator snapping turtles
  A dancing weapon (Orc:2)
  4 ogre magi
  3 death yaks (Lair:5)
  An orc high priest (Orc:2)
  5 sea snakes
  4 hill giants
  A lindwurm (Shoals:3)
  The ghost of magog001 the Shield-Bearer, a novice HOFi (D:5)
  4 harpies (Shoals:3)
  An orc knight (Orc:1)
  3 deep elf magi
  3 ugly things (Shoals:3)
  2 manticores
  A wolf spider (Shoals:3)
  2 cyclopes
  6 griffons
  5 fauns (Shoals:2)
  Joseph (Lair:1)
  7 sirens
  A black mamba (Lair:5)
  7 water nymphs
  8 spiny frogs
  2 rime drakes
  3 komodo dragons
  3 demonic crawlers
  11 merfolk
  16 two-headed ogres
  2 trolls (Orc:2)
  2 wind drakes (Shoals:1)
  3 snapping turtles
  An air elemental (Elf:1)
  40 yaks
  A fire elemental (Elf:1)
  9 water elementals
  2 wyverns
  Eustachio (D:5)
  A wraith (D:11)
  3 hungry ghosts
  2 basilisks
  A steam dragon (D:8)
  11 hippogriffs
  2 wargs
  A soldier ant (D:11)
  18 orc warriors
  8 water moccasins
  A sky beast (D:5)
  14 porcupines
  3 ice beasts
  A necrophage (D:8)
  3 black bears
  33 ogres
  9 crocodiles
  3 wolves (Lair:2)
  2 centaurs
  3 big kobolds
  Blork the orc (D:6)
  12 giant frogs
  An earth elemental (Elf:1)
  3 elf skeletons (D:6)
  3 scorpions
  7 killer bees
  An electric eel (Lair:6)
  5 crimson imps
  2 centaur zombies
  A human zombie (Ossuary)
  7 hounds
  A centaur skeleton (D:11)
  A giant frog skeleton (D:7)
  11 orc priests
  4 human skeletons (D:6)
  5 iguanas
  20 orc wizards
  7 worker ants
  11 sheep
  A hound skeleton (D:9)
  3 mummies (Ossuary)
  A howler monkey zombie (D:11)
  A worker ant zombie (D:5)
  16 adders
  2 gnolls (D:8)
  58 river rats
  5 shadow imps
  3 oozes
  A worm (Lair:3)
  2 dart slugs
  3 giant geckos
  75 orcs
  A ball python (D:3)
  7 giant cockroaches
  A gnoll zombie (Ossuary)
  12 goblins
  4 hobgoblins
  2 jackals (D:4)
  17 kobolds
  4 quokkas
  9 bats
  A giant gecko skeleton (D:5)
  4 giant newts
  A goblin zombie (Ossuary)
  A hobgoblin zombie (Ossuary)
  A jackal skeleton (D:4)
  A jackal zombie (D:7)
  4 kobold zombies (Ossuary)
  3 orc skeletons (D:6)
  An orc zombie (D:6)
  2 quokka zombies (D:7)
  11 rats
  3 fungi
  4 plants
  A tentacle (Shoals:2)
682 creatures vanquished.

Vanquished Creatures (collateral kills)
  A sea snake (Shoals:1)
  3 harpies (Shoals:3)
  3 ugly things (Shoals:3)
  A griffon (Shoals:3)
  2 manticores (Shoals:1)
  A deep elf mage (Orc:2)
  4 fauns (Shoals:3)
  A siren (Shoals:1)
  A water nymph (Shoals:3)
  A spiny frog (Lair:5)
  9 merfolk
  3 snapping turtles
  A water elemental (Shoals:1)
  A warg (Orc:2)
  4 orc warriors (Orc:1)
  2 ogres (D:5)
  An orc priest (Orc:1)
  A howler monkey zombie (D:5)
  A river rat (Lair:5)
  6 orcs
47 creatures vanquished.

Vanquished Creatures (others)
  A merfolk aquamancer (Shoals:1)
  An orc knight (Orc:1)
  A manticore (Shoals:3)
  3 fungi
  3 plants
  19 tentacles
  730 tentacle segments
758 creatures vanquished.

Grand Total: 1487 creatures vanquished

Notes
Turn   | Place    | Note
--------------------------------------------------------------
     0 | D:1      | magog001 the Minotaur Fighter began the quest for the Orb.
     0 | D:1      | Reached XP level 1. HP: 19/19 MP: 0/0
   322 | D:1      | Reached XP level 2. HP: 27/27 MP: 1/1
   334 | D:1      | Reached skill level 4 in Shields
   934 | D:2      | Reached XP level 3. HP: 33/33 MP: 2/2
  1466 | D:2      | Found a sparkling altar of Nemelex Xobeh.
  1482 | D:2      | Reached skill level 1 in Dodging
  1482 | D:2      | Reached XP level 4. HP: 27/40 MP: 3/3
  1627 | D:2      | Became a worshipper of Nemelex Xobeh the Trickster
  1803 | D:3      | Received a gift from Nemelex Xobeh
  1942 | D:3      | Reached XP level 5. HP: 45/46 MP: 4/4
  2036 | D:3      | Reached skill level 1 in Stealth
  2187 | D:3      | Received a gift from Nemelex Xobeh
  2686 | D:4      | Reached skill level 5 in Shields
  2723 | D:4      | Reached * piety under Nemelex Xobeh
  3155 | D:4      | Received a gift from Nemelex Xobeh
  3378 | D:5      | Entered Level 5 of the Dungeon
  3438 | D:4      | Reached skill level 1 in Long Blades
  3451 | D:4      | Reached XP level 6. HP: 47/53 MP: 5/5
  3464 | D:5      | Found a sparkling altar of Nemelex Xobeh.
  3494 | D:5      | Found a deep blue altar of Sif Muna.
  3557 | D:5      | Reached skill level 5 in Armour
  3563 | D:5      | Noticed magog001's ghost (novice HOFi)
  3576 | D:5      | Killed magog001's ghost
  3576 | D:5      | Reached skill level 6 in Shields
  3576 | D:5      | Reached XP level 7. HP: 35/60 MP: 6/6
  3713 | D:5      | Found a basalt altar of Yredelemnul.
  3754 | D:5      | Noticed Eustachio
  3893 | D:5      | Killed Eustachio
  4016 | D:5      | Reached ** piety under Nemelex Xobeh
  4019 | D:5      | Found Uqouvo's Weapon Shoppe.
  4023 | D:5      | Found Juafeax's Antique Armour Emporium.
  4026 | D:5      | Bought a pair of embroidered gloves for 99 gold pieces
  4026 | D:5      | Bought a runed shield for 99 gold pieces
  4065 | D:5      | Found Utog Lao's Food Shoppe.
  4068 | D:5      | Bought a slice of pizza for 18 gold pieces
  4081 | D:5      | Reached skill level 5 in Fighting
  4081 | D:5      | Reached skill level 7 in Shields
  4081 | D:5      | Reached XP level 8. HP: 68/68 MP: 7/7
  4092 | D:5      | Gained mutation: You are resistant to hostile enchantments. [mutagenic meat]
  4093 | D:5      | Gained mutation: You have sharp toenails. [mutagenic meat]
  4094 | D:5      | Gained mutation: You have sharp fingernails. [mutagenic meat]
  4095 | D:5      | Gained mutation: You are robust (+10% HP). [mutagenic meat]
  4096 | D:5      | Gained mutation: Your movements are slightly less encumbered by armour (ER -2). [mutagenic meat]
  4114 | D:5      | Reached skill level 1 in Evocations
  4117 | D:5      | Found an opulent altar of Gozag.
  4308 | D:6      | Found a shimmering altar of Xom.
  4452 | D:6      | Found a sand-covered staircase.
  4457 | D:6      | Reached skill level 5 in Dodging
  4461 | Ossuary  | Entered an ossuary
  5222 | D:6      | Noticed Blork the orc
  5233 | D:6      | Killed Blork the orc
  5326 | D:6      | Received a gift from Nemelex Xobeh
  5374 | D:6      | Reached skill level 5 in Long Blades
  5792 | D:7      | Found a staircase to the Ecumenical Temple.
  5819 | D:7      | Reached XP level 9. HP: 82/82 MP: 8/8
  5947 | D:7      | Reached *** piety under Nemelex Xobeh
  6036 | D:7      | Received a gift from Nemelex Xobeh
  6385 | D:8      | Reached skill level 8 in Shields
  6546 | D:8      | Found a flagged portal.
  6600 | D:8      | Found a snail-covered altar of Cheibriados.
  6891 | D:8      | Found a glowing golden altar of the Shining One.
  7362 | D:9      | Reached skill level 9 in Shields
  7501 | D:9      | Received a gift from Nemelex Xobeh
  7573 | D:9      | Reached **** piety under Nemelex Xobeh
  7604 | D:9      | Noticed Erica
  7624 | D:9      | Killed Erica
  7624 | D:9      | Reached XP level 10. HP: 83/94 MP: 9/9
  7919 | D:9      | You fall through a shaft for 2 floors!
  8024 | D:11     | Found a bloodstained altar of Trog.
  8048 | D:10     | Entered Level 10 of the Dungeon
  8112 | D:10     | Received a gift from Nemelex Xobeh
  8112 | D:10     | Noticed a hill giant
  8130 | D:10     | Killed a hill giant
  8355 | D:10     | Noticed a hill giant
  8367 | D:10     | Killed a hill giant
  8367 | D:10     | Reached skill level 10 in Shields
  8895 | D:10     | Reached XP level 11. HP: 70/104 MP: 11/11
  9024 | D:10     | Noticed a hill giant
  9034 | D:10     | Killed a hill giant
  9279 | D:11     | Found a staircase to the Lair.
  9343 | D:11     | Received a gift from Nemelex Xobeh
  9448 | D:9      | Found a staircase to the Orcish Mines.
  9864 | Orc:1    | Entered Level 1 of the Orcish Mines
 10063 | Orc:1    | Reached skill level 11 in Shields
 10245 | Orc:1    | Received a gift from Nemelex Xobeh
 10287 | Orc:1    | Reached skill level 10 in Long Blades
 10567 | Orc:2    | Entered Level 2 of the Orcish Mines
 10570 | Orc:2    | Noticed an orc warlord
 10572 | Orc:2    | Noticed Donald
 10752 | Orc:1    | Killed Donald
 10999 | Orc:1    | Noticed an orc knight
 11007 | Orc:1    | Killed an orc warlord
 11022 | Orc:1    | Killed an orc knight
 11399 | Orc:2    | Noticed magog001's ghost (journeyman MiFi)
 11428 | Orc:2    | Noticed an ogre mage
 11564 | Orc:1    | Reached skill level 10 in Dodging
 12049 | Orc:2    | Noticed an ogre mage
 12053 | Orc:1    | Reached XP level 12. HP: 99/114 MP: 12/12
 12129 | Orc:1    | Killed an ogre mage
 12139 | Orc:1    | Killed an ogre mage
 12152 | Orc:2    | Noticed an ogre mage
 12166 | Orc:2    | Killed an ogre mage
 12306 | Orc:2    | Killed magog001's ghost
 12306 | Orc:2    | Reached skill level 12 in Shields
 12818 | Orc:2    | Noticed an ogre mage
 12827 | Orc:2    | Killed an ogre mage
 12827 | Orc:2    | Reached skill level 10 in Fighting
 12929 | Orc:2    | Found Sadyteish's Magic Scroll Emporium.
 12929 | Orc:2    | Found Rintir's Gadget Shop.
 12930 | Orc:2    | Found Xiusch's Gadget Shop.
 12930 | Orc:2    | Found Reutwov's Magic Scroll Shoppe.
 12947 | Orc:2    | Received a gift from Nemelex Xobeh
 13037 | Orc:2    | Noticed an orc high priest
 13037 | Orc:2    | Found a staircase to the Elven Halls.
 13099 | Orc:2    | Killed an orc high priest
 13241 | Orc:2    | Bought a scroll of magic mapping for 49 gold pieces
 13241 | Orc:2    | Bought a scroll of enchant armour for 105 gold pieces
 13241 | Orc:2    | Bought a scroll of identify for 28 gold pieces
 13241 | Orc:2    | Bought a scroll of magic mapping for 49 gold pieces
 13241 | Orc:2    | Bought a scroll of magic mapping for 49 gold pieces
 13242 | Orc:2    | Bought a scroll of remove curse for 39 gold pieces
 13242 | Orc:2    | Bought a scroll of recharging for 123 gold pieces
 13242 | Orc:2    | Bought a scroll of identify for 26 gold pieces
 13242 | Orc:2    | Bought a scroll of identify for 26 gold pieces
 13242 | Orc:2    | Bought a scroll of enchant armour for 97 gold pieces
 13349 | Orc:1    | Found a roughly hewn altar of Beogh.
 13423 | Orc:2    | Bought a wand of iceblast (10/15) for 196 gold pieces
 13666 | Elf:1    | Entered Level 1 of the Elven Halls
 13919 | Orc:2    | HP: 3/117 [smoke demon/divine providence[a deep elf mage] (14)]
 14435 | Orc:2    | Reached XP level 13. HP: 78/125 MP: 13/13
 14807 | Orc:2    | Bought a legendary deck of wonders for 364 gold pieces
 15087 | D:11     | Received a gift from Nemelex Xobeh
 15110 | D:11     | Reached ***** piety under Nemelex Xobeh
 15471 | D:11     | Received a gift from Nemelex Xobeh
 15798 | Lair:1   | Entered Level 1 of the Lair of Beasts
 15985 | Lair:1   | Noticed Joseph
 15997 | Lair:1   | Killed Joseph
 15997 | Lair:1   | Reached skill level 13 in Shields
 16350 | Lair:1   | Received a gift from Nemelex Xobeh
 17084 | Lair:2   | Received a gift from Nemelex Xobeh
 17548 | Lair:3   | Found a hole to the Spider Nest.
 17850 | Lair:3   | Received a gift from Nemelex Xobeh
 17956 | Spider:1 | Entered Level 1 of the Spider Nest
 18308 | Lair:3   | Killed a ghost moth
 18565 | Lair:3   | Received a gift from Nemelex Xobeh
 19063 | Lair:4   | Drew Focus: Str increased to 26, Int decreased to 4
 19085 | Lair:4   | Identified a scroll of acquirement
 19212 | Lair:4   | Received a gift from Nemelex Xobeh
 19574 | Lair:4   | Reached skill level 14 in Shields
 19864 | Lair:5   | Reached ****** piety under Nemelex Xobeh
 19939 | Lair:5   | Received a gift from Nemelex Xobeh
 20273 | Lair:5   | Received a gift from Nemelex Xobeh
 20412 | Lair:5   | Reached skill level 1 in Throwing
 20418 | Lair:5   | Reached XP level 14. HP: 136/136 MP: 15/15
 20507 | Lair:5   | Noticed Maud
 20526 | Lair:5   | Killed Maud
 21070 | Lair:6   | Received a gift from Nemelex Xobeh
 21703 | Lair:6   | Found a staircase to the Shoals.
 21954 | Shoals:1 | Entered Level 1 of the Shoals
 22207 | Shoals:1 | Reached skill level 5 in Stealth
 22485 | Shoals:1 | Reached skill level 15 in Shields
 22930 | Shoals:1 | Received a gift from Nemelex Xobeh
 22964 | Shoals:1 | Noticed Roxanne
 23013 | Shoals:1 | Found Sawnaix's Armour Boutique.
 23023 | Shoals:1 | Bought the +5 chain mail "Punuv" {MR+} for 463 gold pieces
 23668 | Shoals:2 | Received a gift from Nemelex Xobeh
 23931 | Shoals:2 | Noticed a kraken
 23952 | Shoals:2 | Killed a kraken
 24072 | Shoals:3 | Reached skill level 10 in Armour
 24103 | Shoals:3 | Reached skill level 5 in Evocations
 24109 | Shoals:3 | Noticed a white very ugly thing
 24510 | Shoals:2 | Reached XP level 15. HP: 143/145 MP: 17/17
 24762 | Shoals:2 | Reached skill level 15 in Long Blades
 25167 | Shoals:3 | Received a gift from Nemelex Xobeh
 25236 | Shoals:3 | Reached skill level 16 in Shields
 25467 | Shoals:3 | Received a gift from Nemelex Xobeh
 25703 | Shoals:4 | Entered Level 4 of the Shoals
 26170 | Shoals:4 | Noticed Ilsuiw
 27490 | Shoals:3 | Noticed a kraken
 27533 | Shoals:3 | HP: 4/146 [barbs]
 27534 | Shoals:3 | HP: 1/146 [barbs]
 27535 | Shoals:3 | Succumbed to a manticore's barbed spikes

Skill      XL: |  1  2  3  4  5  6  7  8  9 10 11 12 13 14 15 |
---------------+----------------------------------------------+-----
Shields        | 4 5 6 7 9 10 11 12 14 15 16 | 16.5
Fighting       | 4 5 6 7 8 9 10 11 12 | 12.2
Axes           | 3 |  3.9
Dodging        | 1 2 3 4 5 7 8 10 11 12 13 | 13.6
Armour         | 4 5 6 7 8 9 10 | 10.7
Stealth        | 1 2 4 5 |  5.1
Long Blades    | 1 3 5 7 9 10 12 13 14 15 | 15.3
Evocations     | 1 2 3 5 |  5.3
Throwing       | 1 2 3 |  3.3

Action                   |  1- 3 |  4- 6 |  7- 9 | 10-12 | 13-15 || total
-------------------------+-------+-------+-------+-------+-------++-------
Melee: War axe           |   101 |    30 |       |       |       ||   131
       Headbutt          |    11 |    20 |    68 |   224 |   448 ||   771
       Falchion          |       |    94 |   295 |   893 |  1536 ||  2818
       Long sword        |       |       |       |     6 |       ||     6
Throw: Javelin           |       |       |       |       |    42 ||    42
       Tomahawk          |       |       |       |       |    29 ||    29
 Abil: Evoke Flight      |       |       |       |       |     7 ||     7
       Stop Flying       |       |       |       |       |     2 ||     2
Evoke: Wand              |       |     1 |     6 |    14 |    93 ||   114
       Deck              |       |     1 |       |    19 |    39 ||    59
       Sack of spiders   |       |       |       |     2 |     3 ||     5
       Box of beasts     |       |       |       |       |     3 ||     3
       Phial of floods   |       |       |       |       |     1 ||     1
  Use: Scroll            |     4 |     7 |    16 |    13 |    25 ||    65
       Potion            |       |       |     4 |     6 |    16 ||    26
 Stab: Sleeping          |       |       |     1 |     1 |     3 ||     5
       Distracted        |       |       |       |     2 |     4 ||     6
       Paralysed         |       |       |       |     9 |       ||     9
  Eat: Chunk             |     2 |       |     7 |    15 |    12 ||    36
       Bread ration      |       |     2 |     1 |       |     2 ||     5
       Fruit             |       |       |     2 |     1 |       ||     3
       Pizza             |       |       |     1 |       |     1 ||     2
       Meat ration       |       |       |     1 |     1 |     3 ||     5
       Royal jelly       |       |       |       |     1 |       ||     1
       Beef jerky        |       |       |       |       |     5 ||     5
Armor: Scale mail        |    49 |    17 |       |       |       ||    66
       Ring mail         |       |    30 |    84 |   160 |   148 ||   422
       Chain mail        |       |       |       |       |   201 ||   201
Dodge: Dodged            |    29 |    47 |   102 |   365 |   616 ||  1159
Block: Shield            |    62 |    77 |   194 |   518 |  1283 ||  2134
       Reflection        |       |       |       |     4 |    57 ||    61
